TOP OF THE 1ST |
La Paz Entrepreneurs batting - Pitching for Tirana Kodiaks : RHP Robert Zubritsky
|
Pitching: RHP Robert Zubritsky
|
|
Batting: RHB Abdul-Aziz bin Siraj
|
0-0: Foul Ball, location: 5F 0-1: Ball 1-1: Foul Ball, location: 2F 1-2: Ground out 6-3 (Groundball, 6, EV 91.3 MPH)
|
Batting: RHB Nike Markezinis
|
0-0: Foul Ball, location: 3FF 0-1: Fly out, F8 (Flyball, 8LS, EV 76.9 MPH)
|
Batting: LHB Abdullah Khosa
|
0-0: Called Strike 0-1: Ball 1-1: Fly out, F8 (Line Drive, 8LM, EV 87.5 MPH)
|
Top of the 1st over - 0 runs, 0 hits, 0 errors, 0 left on base; La Paz 0 - Tirana 0 |
BOTTOM OF THE 1ST |
Tirana Kodiaks batting - Pitching for La Paz Entrepreneurs : LHP Daryl Macaskie
|
Pitching: LHP Daryl Macaskie
|
|
Batting: RHB Hanna Fahad
|
0-0: Foul Ball, location: 9LMF 0-1: Called Strike 0-2: Strikes out swinging
|
Batting: RHB Huynh Thuan
|
0-0: Called Strike 0-1: TRIPLE (Line Drive, 89XD, EV 107.5 MPH)
|
Batting: RHB Juan Castaneda
|
0-0: Ball 1-0: Foul Ball, location: 2F 1-1: Swinging Strike 1-2: Ball 2-2: Foul Ball, location: 2LF 2-2: Ball 3-2: Base on Balls
|
Batting: SHB Manuel Mora
|
0-0: Ball 1-0: Called Strike Juan Castaneda steals 2nd base 1-1: Ball 2-1: Ground out 2-3 (Groundball, 2L, EV 63.1 MPH)
|
Batting: RHB Pavlo Berhoev
|
0-0: Called Strike 0-1: Ball 1-1: Foul Ball, location: 7LDF 1-2: Ball 2-2: Foul Ball, location: 5F 2-2: SINGLE (Line Drive, 89S, EV 103.8 MPH) Huynh Thuan scores Juan Castaneda to third
|
Batting: LHB Bolodenka Zadunov
|
0-0: Called Strike 0-1: Foul Ball, location: 2F 0-2: Fielders Choice at 2nd, 6-4 (Groundball, 6, EV 88.8 MPH)
|
Bottom of the 1st over - 1 run, 2 hits, 0 errors, 2 left on base; La Paz 0 - Tirana 1 |
TOP OF THE 2ND |
La Paz Entrepreneurs batting - Pitching for Tirana Kodiaks : RHP Robert Zubritsky
|
Batting: RHB Luis Rodriguez
|
0-0: Called Strike 0-1: Foul Ball, location: 7LSF 0-2: Ball 1-2: Ball 2-2: Foul Ball, location: 5FF 2-2: Ball 3-2: Fly out, F8 (Flyball, 8LD, EV 105.0 MPH)
|
Batting: RHB Asad bin Murtadhy
|
0-0: Ball 1-0: Ball 2-0: Ball 3-0: Called Strike 3-1: Base on Balls
|
Batting: SHB Jermão Felcio
|
0-0: Called Strike 0-1: Ball 1-1: Foul Ball, location: 2F 1-2: Strikes out looking
|
Batting: RHB Rens Niezen
|
0-0: DOUBLE (Line Drive, 8RXD, EV 111.3 MPH) Asad bin Murtadhy to third Runner from 3rd tries for Home, SAFE, no throw by CF
|
Batting: LHB Aeary Djojopoespito
|
0-0: Called Strike 0-1: Ball 1-1: Ball 2-1: Fly out, F4 (Popup, 4S, EV 78.1 MPH)
|
Top of the 2nd over - 1 run, 1 hit, 0 errors, 1 left on base; La Paz 1 - Tirana 1 |
BOTTOM OF THE 2ND |
Tirana Kodiaks batting - Pitching for La Paz Entrepreneurs : LHP Daryl Macaskie
|
Batting: RHB Kudrat Mir
|
0-0: Called Strike 0-1: Fly out, F2 (Popup, 23F, EV 88.1 MPH)
|
Batting: RHB Andargachew Osaze
|
0-0: Ball 1-0: Ball 2-0: Called Strike 2-1: Ball 3-1: Swinging Strike 3-2: Strikes out looking
|
Batting: LHB Victor Colon
|
0-0: Foul Ball, location: 2F 0-1: Fly out, F8 (Flyball, 78S, EV 96.3 MPH)
|
Bottom of the 2nd over - 0 runs, 0 hits, 0 errors, 0 left on base; La Paz 1 - Tirana 1 |
TOP OF THE 3RD |
La Paz Entrepreneurs batting - Pitching for Tirana Kodiaks : RHP Robert Zubritsky
|
Batting: RHB Khayri Yusuf
|
0-0: Ball 1-0: Called Strike 1-1: Called Strike 1-2: Foul Ball, location: 9LMF 1-2: Ground out 5-3 (Groundball, 5D, EV 102.5 MPH)
|
Batting: RHB Abdul-Aziz bin Siraj
|
0-0: Called Strike 0-1: Ball 1-1: Called Strike 1-2: Foul Ball, location: 3DF 1-2: Ball 2-2: Foul Ball, location: 9LMF 2-2: SINGLE (Line Drive, 78S, EV 96.9 MPH)
|
Batting: RHB Nike Markezinis
|
0-0: Ball 1-0: 2-RUN HOME RUN (Flyball, 89XD, EV 95.6 MPH), Distance : 393 ft
|
Batting: LHB Abdullah Khosa
|
0-0: Called Strike 0-1: Fly out, F7 (Flyball, 78D, EV 110.0 MPH)
|
Batting: RHB Luis Rodriguez
|
0-0: Foul Ball, location: 3F 0-1: Fly out, F2 (Popup, 2RF, EV 85.0 MPH)
|
Top of the 3rd over - 2 runs, 2 hits, 0 errors, 0 left on base; La Paz 3 - Tirana 1 |
BOTTOM OF THE 3RD |
Tirana Kodiaks batting - Pitching for La Paz Entrepreneurs : LHP Daryl Macaskie
|
Batting: RHB Hanna Fahad
|
0-0: Called Strike 0-1: Called Strike 0-2: Ball 1-2: Ball 2-2: SINGLE (Line Drive, 89S, EV 103.1 MPH)
|
Batting: RHB Huynh Thuan
|
0-0: Fielders Choice at 2nd, 3-6 (Groundball, 34, EV 105.6 MPH)
|
Batting: RHB Juan Castaneda
|
0-0: Called Strike 0-1: SINGLE (Line Drive, 56D, EV 108.1 MPH) Huynh Thuan to second
|
Batting: SHB Manuel Mora
|
0-0: Swinging Strike 0-1: Ball 1-1: Ball 2-1: Ball 3-1: Base on Balls Huynh Thuan to third Juan Castaneda to second
|
Batting: RHB Pavlo Berhoev
|
0-0: Ball 1-0: Foul Ball, location: 9LDF 1-1: Ball 2-1: Called Strike 2-2: Foul Ball, location: 2LF 2-2: Ball 3-2: Foul Ball, location: 5DF 3-2: Fly out, F9 (Flyball, 9S, EV 94.4 MPH)
|
Batting: LHB Bolodenka Zadunov
|
0-0: Called Strike 0-1: Ball Passed Ball! Huynh Thuan scores Juan Castaneda to third Manuel Mora to second 1-1: Foul Ball, location: 3DF 1-2: Ball 2-2: Ball 3-2: Foul Ball, location: 5F 3-2: Foul Ball, location: 2F 3-2: Foul Ball, location: 7LSFF 3-2: Fly out, F8 (Flyball, 8LXD, EV 104.4 MPH)
|
Bottom of the 3rd over - 1 run, 2 hits, 0 errors, 2 left on base; La Paz 3 - Tirana 2 |
TOP OF THE 4TH |
La Paz Entrepreneurs batting - Pitching for Tirana Kodiaks : RHP Robert Zubritsky
|
Batting: RHB Asad bin Murtadhy
|
0-0: Ball 1-0: Ball 2-0: Called Strike 2-1: Ground out 2-3 (Groundball, 2R, EV 65.0 MPH)
|
Batting: SHB Jermão Felcio
|
0-0: Ball 1-0: Ball 2-0: Ball 3-0: Base on Balls
|
Batting: RHB Rens Niezen
|
0-0: Called Strike 0-1: Ball 1-1: Ball 2-1: Swinging Strike 2-2: Ball 3-2: Foul Ball, location: 25F 3-2: Base on Balls Jermão Felcio to second
|
Batting: LHB Aeary Djojopoespito
|
0-0: Called Strike 0-1: Ball 1-1: Foul Ball, location: 2F 1-2: Ball 2-2: Ball 3-2: Base on Balls Jermão Felcio to third Rens Niezen to second
|
Batting: RHB Khayri Yusuf
|
0-0: Called Strike 0-1: Ball 1-1: Foul Ball, location: 9LSF 1-2: Ball 2-2: Foul Ball, location: 9LSF 2-2: Ball 3-2: Strikes out swinging
|
Batting: RHB Abdul-Aziz bin Siraj
|
0-0: Foul Ball, location: 9LDF 0-1: Ball 1-1: Ball 2-1: Fielders Choice at 2nd, 6-4 (Groundball, 6, EV 86.9 MPH)
|
Top of the 4th over - 0 runs, 0 hits, 0 errors, 3 left on base; La Paz 3 - Tirana 2 |
BOTTOM OF THE 4TH |
Tirana Kodiaks batting - Pitching for La Paz Entrepreneurs : LHP Daryl Macaskie
|
Batting: RHB Kudrat Mir
|
0-0: DOUBLE (Groundball, 5L, EV 97.5 MPH)
|
Batting: RHB Andargachew Osaze
|
0-0: Ball 1-0: Swinging Strike 1-1: SINGLE (Line Drive, 89S, EV 105.6 MPH) Kudrat Mir to third
|
Batting: LHB Victor Colon
|
0-0: Fly out, F7 (Flyball, 7LS, EV 91.3 MPH)
|
Batting: RHB Hanna Fahad
|
0-0: Called Strike 0-1: Ball 1-1: Foul Ball, location: 7LSF 1-2: Foul Ball, location: 3DF 1-2: Ball 2-2: Foul Ball, location: 9LDF 2-2: Ball 3-2: Base on Balls Andargachew Osaze to second
|
Batting: RHB Huynh Thuan
|
0-0: Ball 1-0: Called Strike 1-1: Foul Ball, location: 5DF 1-2: Foul Ball, location: 7LMF 1-2: Strikes out swinging
|
Pitching: LHP An-yi Tze
|
|
Batting: RHB Juan Castaneda
|
0-0: Ball 1-0: SINGLE (Groundball, 6M, EV 108.1 MPH) (infield hit) Kudrat Mir scores Andargachew Osaze to third Hanna Fahad to second
|
Batting: SHB Manuel Mora
|
0-0: Ball 1-0: Foul Ball, location: 5DF 1-1: Ball 2-1: SINGLE (Line Drive, 89S, EV 102.5 MPH) Andargachew Osaze scores Hanna Fahad to third Juan Castaneda to second
|
Batting: RHB Pavlo Berhoev
|
0-0: Called Strike 0-1: Foul Ball, location: 25FF 0-2: Strikes out looking
|
Bottom of the 4th over - 2 runs, 4 hits, 0 errors, 3 left on base; La Paz 3 - Tirana 4 |
TOP OF THE 5TH |
La Paz Entrepreneurs batting - Pitching for Tirana Kodiaks : RHP Robert Zubritsky
|
Batting: RHB Nike Markezinis
|
0-0: Called Strike 0-1: Ball 1-1: Foul Ball, location: 7LDF 1-2: TRIPLE (Flyball, 89XD, EV 102.5 MPH)
|
Batting: LHB Abdullah Khosa
|
0-0: Called Strike 0-1: Swinging Strike 0-2: Strikes out swinging
|
Batting: RHB Luis Rodriguez
|
0-0: Ball 1-0: Ball 2-0: Called Strike 2-1: Ball 3-1: Base on Balls
|
Batting: RHB Asad bin Murtadhy
|
0-0: Swinging Strike 0-1: Ball 1-1: Ball 2-1: Ball 3-1: Called Strike 3-2: Base on Balls Luis Rodriguez to second
|
Batting: SHB Jermão Felcio
|
0-0: Ball 1-0: Ball 2-0: Called Strike 2-1: Foul Ball, location: 2F 2-2: Fly out, F8 (Flyball, 8LM, EV 75.6 MPH) Runner from 3rd tags up, SCORES, no throw by CF
|
Batting: RHB Rens Niezen
|
0-0: Called Strike 0-1: Swinging Strike 0-2: SINGLE (Line Drive, 8RS, EV 91.3 MPH) Luis Rodriguez to third Asad bin Murtadhy to second Runner from 3rd tries for Home, SAFE, throw by CF to home
|
Pitching: RHP Kazimir Zboril
|
|
Batting: LHB Aeary Djojopoespito
|
0-0: Called Strike 0-1: Foul Ball, location: 2F 0-2: Ball 1-2: Strikes out swinging, 2-3 out at first.
|
Top of the 5th over - 2 runs, 2 hits, 0 errors, 2 left on base; La Paz 5 - Tirana 4 |
BOTTOM OF THE 5TH |
Tirana Kodiaks batting - Pitching for La Paz Entrepreneurs : LHP An-yi Tze
|
Batting: LHB Bolodenka Zadunov
|
0-0: Called Strike 0-1: Ball 1-1: Foul Ball, location: 2F 1-2: SINGLE (Line Drive, 4D, EV 93.8 MPH)
|
Batting: RHB Kudrat Mir
|
0-0: Called Strike 0-1: Foul Ball, location: 9LSF 0-2: Ball 1-2: Grounds into double play, 5-4-3 (Groundball, 56S, EV 90.0 MPH)
|
Batting: RHB Andargachew Osaze
|
0-0: Ground out 1-3 (Groundball, P, EV 63.1 MPH)
|
Bottom of the 5th over - 0 runs, 1 hit, 0 errors, 0 left on base; La Paz 5 - Tirana 4 |
TOP OF THE 6TH |
La Paz Entrepreneurs batting - Pitching for Tirana Kodiaks : RHP Kazimir Zboril
|
Batting: RHB Khayri Yusuf
|
0-0: DOUBLE (Line Drive, 9LD, EV 106.3 MPH)
|
Batting: RHB Abdul-Aziz bin Siraj
|
0-0: Ball 1-0: Called Strike 1-1: Ball 2-1: Foul Ball, location: 3F 2-2: Ball 3-2: Foul Ball, location: 2F 3-2: Base on Balls
|
Batting: RHB Nike Markezinis
|
0-0: Reached on error, E8 (Flyball, 8LD, EV 105.0 MPH) Khayri Yusuf to third Abdul-Aziz bin Siraj to second
|
Batting: LHB Abdullah Khosa
|
0-0: Ball 1-0: Ball 2-0: Ball 3-0: Base on Balls Khayri Yusuf scores Abdul-Aziz bin Siraj to third Nike Markezinis to second
|
Batting: RHB Luis Rodriguez
|
0-0: Ball 1-0: Ball 2-0: Ball 3-0: Base on Balls Abdul-Aziz bin Siraj scores Nike Markezinis to third Abdullah Khosa to second
|
Batting: RHB Asad bin Murtadhy
|
0-0: Swinging Strike 0-1: Foul Ball, location: 9LSF 0-2: Ball Wild Pitch! Nike Markezinis scores Abdullah Khosa to third Luis Rodriguez to second 1-2: SINGLE (Groundball, 6MD, EV 98.1 MPH) Abdullah Khosa scores Luis Rodriguez to third Runner from 3rd tries for Home, SAFE, throw by CF to home Asad bin Murtadhy to second
|
Pitching: RHP Alberto Concepcion
|
|
Batting: SHB Jermão Felcio
|
0-0: Foul Ball, location: 9LMFF 0-1: Ball 1-1: Foul Ball, location: 2F 1-2: Strikes out swinging
|
Batting: RHB Rens Niezen
|
0-0: Called Strike 0-1: Swinging Strike 0-2: Ground out 6-3 (Groundball, 6, EV 91.9 MPH) Asad bin Murtadhy to third
|
Batting: LHB Aeary Djojopoespito
|
0-0: Called Strike 0-1: SINGLE (Line Drive, 8LS, EV 103.8 MPH) Asad bin Murtadhy scores
|
Batting: RHB Khayri Yusuf
|
0-0: Swinging Strike 0-1: Foul Ball, location: 2F 0-2: Foul Ball, location: 9LSF 0-2: Ball 1-2: Foul Ball, location: 3FF 1-2: Fielders Choice at 2nd, 6-4 (Groundball, 6, EV 76.3 MPH)
|
Top of the 6th over - 6 runs, 3 hits, 1 error, 1 left on base; La Paz 11 - Tirana 4 |
BOTTOM OF THE 6TH |
Tirana Kodiaks batting - Pitching for La Paz Entrepreneurs : LHP An-yi Tze
|
Batting: LHB Victor Colon
|
0-0: Called Strike 0-1: SINGLE (Line Drive, 8RS, EV 105.6 MPH)
|
Batting: RHB Hanna Fahad
|
0-0: Ball 1-0: Ball 2-0: Ball Victor Colon steals 2nd base 3-0: Called Strike 3-1: Fly out, F9 (Flyball, 9D, EV 98.1 MPH)
|
Batting: RHB Huynh Thuan
|
0-0: Foul Ball, location: 2LF 0-1: Fly out, F6 (Line Drive, 6M, EV 65.6 MPH)
|
Batting: RHB Juan Castaneda
|
0-0: Foul Ball, location: 9LMF 0-1: Ball 1-1: Fly out, F9 (Line Drive, 89M, EV 85.6 MPH)
|
Bottom of the 6th over - 0 runs, 1 hit, 0 errors, 1 left on base; La Paz 11 - Tirana 4 |
TOP OF THE 7TH |
La Paz Entrepreneurs batting - Pitching for Tirana Kodiaks : RHP Alberto Concepcion
|
Batting: RHB Abdul-Aziz bin Siraj
|
0-0: Swinging Strike 0-1: Ball 1-1: Ball 2-1: Foul Ball, location: 2F 2-2: Ball 3-2: Ground out 3-1 (Groundball, 34S, EV 82.5 MPH)
|
Batting: RHB Nike Markezinis
|
0-0: DOUBLE (Line Drive, 78M, EV 86.3 MPH)
|
Batting: LHB Abdullah Khosa
|
0-0: Called Strike 0-1: Foul Ball, location: 3F 0-2: Ball 1-2: Ball 2-2: Foul Ball, location: 2F 2-2: Ball 3-2: Foul Ball, location: 2F 3-2: Base on Balls
|
Batting: RHB Luis Rodriguez
|
0-0: Called Strike 0-1: Ball 1-1: Grounds into double play, 1-4-3 (Groundball, P, EV 61.9 MPH)
|
Top of the 7th over - 0 runs, 1 hit, 0 errors, 1 left on base; La Paz 11 - Tirana 4 |
BOTTOM OF THE 7TH |
Tirana Kodiaks batting - Pitching for La Paz Entrepreneurs : LHP An-yi Tze
|
Batting: SHB Manuel Mora
|
0-0: Ball 1-0: Ball 2-0: Ball 3-0: Base on Balls
|
Batting: RHB Pavlo Berhoev
|
0-0: Fly out, F7 (Line Drive, 7S, EV 87.5 MPH)
|
Batting: LHB Bolodenka Zadunov
|
0-0: Fly out, F7 (Flyball, 7D, EV 108.1 MPH)
|
Batting: RHB Kudrat Mir
|
0-0: Fly out, F5 (Line Drive, 5, EV 76.3 MPH)
|
Bottom of the 7th over - 0 runs, 0 hits, 0 errors, 1 left on base; La Paz 11 - Tirana 4 |
TOP OF THE 8TH |
La Paz Entrepreneurs batting - Pitching for Tirana Kodiaks : RHP Alberto Concepcion
|
Batting: RHB Asad bin Murtadhy
|
0-0: Ground out 1-3 (Groundball, 23, EV 66.9 MPH)
|
Pinch Hitting: RHB Igmi Omondi
|
0-0: Ground out 6-3 (Groundball, 56, EV 89.4 MPH)
|
Batting: RHB Rens Niezen
|
0-0: Ball 1-0: Called Strike 1-1: Called Strike 1-2: Fly out, F8 (Flyball, 78M, EV 87.5 MPH)
|
Top of the 8th over - 0 runs, 0 hits, 0 errors, 0 left on base; La Paz 11 - Tirana 4 |
BOTTOM OF THE 8TH |
Tirana Kodiaks batting - Pitching for La Paz Entrepreneurs : LHP An-yi Tze
|
Now at 3B: Igmi Omondi
|
|
Batting: RHB Andargachew Osaze
|
0-0: Called Strike 0-1: Ball 1-1: Called Strike 1-2: Ball 2-2: Fly out, F8 (Flyball, 8RD, EV 105.0 MPH)
|
Pinch Hitting: RHB Kateb Abdul-Fattah
|
0-0: Ball 1-0: Foul Ball, location: 3SF 1-1: Fly out, F8 (Flyball, 78M, EV 78.1 MPH)
|
Batting: RHB Hanna Fahad
|
0-0: Ball 1-0: Ball 2-0: Ball 3-0: Called Strike 3-1: DOUBLE (Groundball, 5L, EV 103.1 MPH)
|
Batting: RHB Huynh Thuan
|
0-0: Called Strike 0-1: Fly out, F6 (Line Drive, 6M, EV 74.4 MPH)
|
Bottom of the 8th over - 0 runs, 1 hit, 0 errors, 1 left on base; La Paz 11 - Tirana 4 |
TOP OF THE 9TH |
La Paz Entrepreneurs batting - Pitching for Tirana Kodiaks : RHP Alberto Concepcion
|
Now in LF: Kateb Abdul-Fattah
|
|
Now in CF: Juan Castaneda
|
|
Batting: LHB Aeary Djojopoespito
|
0-0: Hit by Pitch
|
Batting: RHB Khayri Yusuf
|
0-0: SINGLE (Line Drive, 6D, EV 108.1 MPH) Aeary Djojopoespito to second
|
Batting: RHB Abdul-Aziz bin Siraj
|
0-0: Ball 1-0: Grounds into double play, 6-4-3 (Groundball, 6, EV 98.1 MPH) Aeary Djojopoespito to third
|
Batting: RHB Nike Markezinis
|
0-0: Ball 1-0: Swinging Strike 1-1: Foul Ball, location: 9LMF 1-2: Foul Ball, location: 7LDF 1-2: Ground out 5-3 (Groundball, 56, EV 85.6 MPH)
|
Top of the 9th over - 0 runs, 1 hit, 0 errors, 1 left on base; La Paz 11 - Tirana 4 |
BOTTOM OF THE 9TH |
Tirana Kodiaks batting - Pitching for La Paz Entrepreneurs : LHP An-yi Tze
|
Batting: RHB Juan Castaneda
|
0-0: Swinging Strike 0-1: Ball 1-1: Fly out, F9 (Line Drive, 9S, EV 109.4 MPH)
|
Batting: SHB Manuel Mora
|
0-0: Ball 1-0: Swinging Strike 1-1: SINGLE (Line Drive, 78M, EV 85.6 MPH)
|
Batting: RHB Pavlo Berhoev
|
0-0: Foul Ball, location: 3SF 0-1: Swinging Strike 0-2: Ball 1-2: Ball 2-2: Fly out, F8 (Flyball, 89D, EV 90.6 MPH)
|
Batting: LHB Bolodenka Zadunov
|
0-0: Ball 1-0: SINGLE (Groundball, 6MD, EV 95.6 MPH) Manuel Mora to second
|
Batting: RHB Kudrat Mir
|
0-0: Called Strike 0-1: Foul Ball, location: 2F 0-2: Ball 1-2: Ground out U3 (Groundball, 34S, EV 86.9 MPH)
|
Bottom of the 9th over - 0 runs, 2 hits, 0 errors, 2 left on base; La Paz 11 - Tirana 4 |
|